 Dungeon Crawl Stone Soup version 0.30.0-29-ga12c61a403 (webtiles) character file.

Game seed: 5084537693326403915

44191 seaoflcl the Severer (level 13, -34/183 HPs)
             Began as a Minotaur Fighter on June 5, 2023.
             Was the Champion of Okawaru.
             Annihilated by Donald
             ... wielding a +5 double sword of electrocution
              (44 damage)
             ... on level 1 of the Swamp on June 6, 2023.
             The game lasted 00:47:25 (18887 turns).

seaoflcl the Severer (Minotaur Fighter)            Turns: 18887, Time: 00:47:25

Health: -34/183    AC: 21    Str: 26    XL:     13   Next: 94%
Magic:  0/12       EV: 14    Int:  5    God:    Okawaru [******]
Gold:   735        SH: 12    Dex: 10    Spells: 12/12 levels left

rFire   + . .        E - +16 obsidian axe {drain, demonic, Mesm Drain Fly SInv}
rCold   . . .        b - +0 kite shield
rNeg    . . .        M - +0 plate armour
rPois   +            (helmet restricted)
rElec   .            Q - +0 cloak {rPois}
rCorr   .            (no gloves)
SInv    +            N - +2 pair of boots {Fly}
Will    .....        X - amulet of guardian spirit Stlth
                     W - ring of protection from fire
HPRegen 0.50/turn    r - +5 ring of evasion
MPRegen 0.13/turn

%: guardian spirit
@: berserking, flying, mesmerised, very quick
A: horns 2, retaliatory headbutt
a: Renounce Religion, Heroism, Finesse, Duel


You were on level 1 of the Swamp.
You worshipped Okawaru.
Okawaru was exalted by your worship.
You visited 3 branches of the dungeon, and saw 16 of its levels.
You also visited: Sewer and Bailey.

You collected 1029 gold pieces.
You spent 294 gold pieces at shops.

Inventory:

Hand Weapons
 q - the +9 hand axe "Muepteyts" {freeze, rC+ rCorr}
   (You found it on level 3 of the Dungeon)

   rC:        It protects you from cold.
   rCorr:     It protects you from acid and corrosion.
 z - a +2 great mace of venom
 E - the +16 obsidian axe (weapon) {drain, demonic, Mesm Drain Fly SInv}
   (Okawaru gifted it to you on level 3 of the Lair of Beasts)

   Mesm:      Its wielder is mesmerised by any visible foes, and it cannot be
   unequipped while any foes are visible.
   SInv:      It lets you see invisible.
   Fly:       It grants you flight.
   Drain:     It drains your maximum health when unequipped.
 H - a +3 battleaxe
 I - a +6 spear
 V - a +1 heavy broad axe
Missiles
 x - 9 curare-tipped darts
 D - 34 poisoned darts
 J - 3 atropa-tipped darts
 K - 6 javelins (quivered)
 R - a throwing net
 U - 2 datura-tipped darts
Armour
 b - a +0 kite shield (worn)
 M - a +0 plate armour (worn)
 N - a +2 pair of boots of flying (worn)
 Q - a +0 cloak of poison resistance (worn)
 Y - the +2 pair of gloves "Caetoa Tise" {rElec rC+ MP+9 Slay-5}
   (Okawaru gifted it to you on level 4 of the Lair of Beasts)

   Slay:      It affects your accuracy & damage with ranged weapons and melee
   (-5).
   rC:        It protects you from cold.
   rElec:     It insulates you from electricity.
   MP:        It affects your magic capacity (+9).
Jewellery
 r - a +5 ring of evasion (right hand)
 u - a ring of protection from fire
 B - a ring of fire
 S - a ring of positive energy
 W - a ring of protection from fire (left hand)
 X - an amulet of guardian spirit (around neck)
 Z - a ring of resist corrosion
Wands
 d - a wand of flame (37)
 f - a wand of paralysis (12)
 s - a wand of light (7)
Scrolls
 c - 5 scrolls of magic mapping
 e - 3 scrolls of poison
 g - 6 scrolls of teleportation
 o - 4 scrolls of enchant armour
 t - 7 scrolls of blinking
 v - a scroll of silence
 w - a scroll of enchant weapon
 y - 4 scrolls of fear
 T - 2 scrolls of fog
Potions
 a - a potion of haste {unknown}
 h - 10 potions of brilliance
 i - 2 potions of resistance {unknown}
 j - a potion of berserk rage
 k - a potion of cancellation {unknown}
 l - a potion of magic {unknown}
 n - 3 potions of ambrosia
 p - 3 potions of lignification
 A - 8 potions of curing
 C - 2 potions of might
 F - 2 potions of invisibility {unknown}
 G - 3 potions of mutation {unknown}
 L - 5 potions of flight
 O - 2 potions of heal wounds {unknown}
 P - a potion of attraction {unknown}
Miscellaneous
 m - a piece from Xom's chessboard (15/15)


   Skills:
 + Level 13.0 Fighting
 + Level 16.3 Axes
 + Level 8.0 Throwing
 + Level 12.9 Armour
 + Level 5.6 Dodging
 + Level 13.0 Shields


You had 12 spell levels left.
You didn't know any spells.
Your spell library contained the following spells:

 Spells                   Type           Power      Damage    Failure   Level
 Necrotise                Necr           0%         1d4       99%         1
 Shock                    Conj/Air       0%         1d3       99%         1
 Sting                    Tmut/Pois      0%         1d3       99%         1
 Momentum Strike          Conj/Tloc      0%         3d8       100%        2
 Poisonous Vapours        Pois/Air       0%         N/A       100%        2
 Sublimation of Blood     Necr           0%         N/A       100%        2
 Gell's Gravitas          Tloc           0%         N/A       100%        3
 Inner Flame              Hex/Fire       0%         N/A       100%        3
 Teleport Other           Tloc           0%         N/A       100%        3
 Vampiric Draining        Necr           0%         2d6       100%        3
 Vhi's Electric Charge    Tloc/Air       0%         N/A       100%        3
 Olgreb's Toxic Radiance  Pois           0%         N/A       100%        4
 Petrify                  Tmut/Erth      0%         N/A       100%        4
 Agony                    Necr           0%         N/A       100%        5
 Arcjolt                  Conj/Air       0%         1d10      100%        5
 Blade Hands              Tmut           0%         N/A       100%        5
 Freezing Cloud           Conj/Ice/Air   0%         6-21      100%        5
 Irradiate                Conj/Tmut      0%         3d11      100%        5
 Yara's Violent Unravell  Hex/Tmut       0%         3d3       100%        5
 Dispersal                Tloc           0%         N/A       100%        6
 Iron Shot                Conj/Erth      0%         9d1       100%        6
 Plasma Beam              Fire/Air       0%         2x1d11    100%        6
 Dragon Form              Tmut           0%         N/A       100%        7
 Enfeeble                 Hex            0%         N/A       100%        7
 Animate Armour           Summ/Erth      Unusable   N/A       N/A         4
 Spellforged Servitor     Conj/Summ      Unusable   N/A       N/A         7

Dungeon Overview and Level Annotations

Branches:
Dungeon (10/15)            Temple (0/1) D:6            Lair (5/5) D:10
  Swamp (1/4) Lair:2        Snake (0/4) Lair:3        Slime (0/5) Lair:4
    Orc (0/2) D:10          Sewer (visited)          Bailey (visited)

Altars:
Ashenzari
Elyvilon
Gozag
Hepliaklqana
Kikubaaqudgha
Okawaru
Qazlal
Sif Muna
Wu Jian
Yredelemnul
Zin
Jiyva

Shops:
D:3 [   D:7 ?*[[   D:9 *

Annotations:
D:2 1 runed translucent door, Crazy Yiuf
D:4 1 runed translucent door, Taurus's ghost, weakling MiFi
Lair:1 exclusion: oklob plant
Lair:3 1 runed translucent door, Ruicvywi's ghost, journeyman OgTm
Swamp:1 Donald


Innate Abilities, Weirdness & Mutations

You have a pair of horns on your head.
You reflexively headbutt those who attack you in melee.


Message History

The harpoon shot misses you.
Donald hits you with a +5 double sword of electrocution!!
* * * LOW HITPOINT WARNING * * *
You block the eight-headed hydra's attack.
The eight-headed hydra bites you but does no damage.
You block the eight-headed hydra's attack.
The eight-headed hydra bites you but does no damage.
The eight-headed hydra bites you.
* * * LOW HITPOINT WARNING * * *
The eight-headed hydra barely misses you.
The eight-headed hydra bites you.
* * * LOW HITPOINT WARNING * * *
The eight-headed hydra bites you.
* * * LOW HITPOINT WARNING * * *
A red film seems to cover your vision as you go berserk!
You feel yourself moving faster!
You feel mighty!
Visions of slaying Donald flood into your mind.
Donald hits you with a +5 double sword of electrocution!
* * * LOW HITPOINT WARNING * * *
You block the eight-headed hydra's attack.
The eight-headed hydra misses you.
You block the eight-headed hydra's attack.
The eight-headed hydra bites you but does no damage.
The eight-headed hydra barely misses you.
You block the eight-headed hydra's attack.
The eight-headed hydra bites you but does no damage.
The eight-headed hydra barely misses you.
Donald says, "I hope I haven't come all this way for a glorified paperweight."
You block Donald's attack.
You slash Donald! You drain Donald.
Donald is moderately wounded.
You barely miss the eight-headed hydra.
The swamp worm fires a harpoon shot at you.
The harpoon shot misses you. Donald blocks your attack.
Donald is moderately wounded.
You barely miss the eight-headed hydra.
Donald sighs.
Donald hits you with a +5 double sword of electrocution!!!
You die...

♣.......~~~~~~~.
♣~.~~.....~~~~.....~♣~
♣.~~~~.♣..~~~~ .~~..~~
♣♣♣.~~~~.♣♣.~~. ~~~~...
§~♣~~~~~..♣♣..♣♣ .~~~...
~.....~§..♣♣..~♣♣.......
~.§.....<♣♣♣...♣(.w.♣~.♣
..~♣♣♣♣♣~~♣♣~...D...>..♣
.♣♣♣ ♣..~~~†..@@~~~~..
.♣ ♣.~§~~..~.~~~~..♣ .♣
♣~.~~~~~~~.~~~...♣ ~♣
♣♣♣♣.♣♣..♣♣...♣~.. ..~.
.......♣ ♣~~..~§ ♣.~.♣
...≈~♣^... ♣~...~ ..♣♣
.~≈♣≈~≈~..♣ ♣...~ .♣♣
..≈≈≈≈≈≈≈≈.. ♣...


You could see Donald (mesmerising, fast, strong, drained, reflecting), an
eight-headed hydra (drained) and a swamp worm.

Vanquished Creatures
  2 eleionomae (Swamp:1)
  3 entropy weavers (Lair:4)
  2 ghost crabs (Lair:4)
  2 hydras (Lair:3)
  A catoblepas (Lair:4)
  A centaur warrior (D:10)
  3 death yaks (D:10)
  5 fire crabs (Lair:4)
  A goliath frog (Swamp:1)
  Pikel (D:5)
  2 lindwurms
  A bog body (Lair:2)
  An orc knight (Bailey)
  A wolf spider (Lair:1)
  An apocalypse crab (Lair:4)
  Maurice (D:9)
  4 black mambas
  4 elephants (Lair:2)
  Joseph (D:10)
  6 cane toads
  A kobold demonologist (D:10)
  An unseen horror (D:10)
  A rime drake (Lair:3)
  11 komodo dragons
  3 trolls
  A polar bear (D:10)
  A hornet (D:9)
  16 blink frogs
  Sigmund (D:2)
  A shadow (D:10)
  4 wyverns
  A wraith (D:10)
  32 yaks
  4 basilisks
  A steam dragon (D:7)
  4 vampire mosquitoes (D:10)
  A naga (Lair:3)
  Menkaure (D:7)
  2 swamp worms
  16 water moccasins
  2 swamp drakes (Swamp:1)
  11 orc warriors
  2 ice beasts (D:6)
  A sky beast (D:8)
  4 ogres
  4 centaurs
  14 wolves
  3 phantoms
  14 bullfrogs
  4 kobold brigands
  2 gnoll sergeants
  2 scorpions
  9 wights
  19 killer bees
  2 howler monkeys (D:10)
  4 electric eels
  7 jellies
  2 gnoll boudas (D:10)
  8 hounds
  4 orc priests
  3 iguanas
  A sleepcap (D:4)
  11 orc wizards
  2 hell rats (D:10)
  Robin (D:2)
  12 gnolls
  12 adders
  7 river rats
  A shadow imp (D:6)
  2 white imps
  An ufetubus (D:5)
  An adder zombie (D:3)
  3 worms
  3 dart slugs
  39 orcs
  7 bats
  4 endoplasms
  3 giant cockroaches
  18 goblins
  12 hobgoblins
  3 jackals (D:4)
  6 quokkas
  13 ball pythons
  A ball python zombie (D:3)
  4 frilled lizards
  27 kobolds
  2 quokka zombies (D:3)
  25 rats
488 creatures vanquished.

Vanquished Creatures (others)
  A bloated husk (Swamp:1)
  An orc wizard (D:10)
2 creatures vanquished.

Grand Total: 490 creatures vanquished

Notes
Turn   | Place    | Note
-------+----------+-------------------------------------------
     0 | D:1      | seaoflcl the Minotaur Fighter began the quest for the Orb.
     0 | D:1      | Reached XP level 1. HP: 19/19 MP: 0/0
   183 | D:1      | Reached XP level 2. HP: 27/27 MP: 1/1
   248 | D:1      | Reached skill level 3 in Axes
   643 | D:2      | Reached XP level 3. HP: 32/33 MP: 2/2
   697 | D:2      | Noticed Sigmund
   704 | D:2      | Killed Sigmund
   705 | D:2      | Reached skill level 4 in Axes
   705 | D:2      | Reached XP level 4. HP: 19/41 MP: 3/3
   705 | D:2      | Reached XP level 5. HP: 22/47 MP: 4/4
   920 | D:2      | Noticed Robin
   949 | D:2      | Killed Robin
   950 | D:2      | Reached skill level 5 in Axes
  1096 | D:2      | Found a faded altar of an unknown god.
  1312 | D:2      | Found a runed translucent door.
  1313 | D:2      | Noticed Crazy Yiuf
  1742 | D:3      | Found a basalt altar of Yredelemnul.
  1803 | D:3      | Reached XP level 6. HP: 54/55 MP: 5/5
  1820 | D:3      | Reached skill level 5 in Fighting
  1821 | D:3      | Reached skill level 5 in Armour
  2021 | D:3      | Identified the +9 short sword "Giomug" {holy, Str+3}
  2156 | D:3      | Identified the +9 hand axe "Muepteyts" {freeze, rC+ rCorr}
  2284 | D:3      | Reached skill level 5 in Shields
  2698 | D:3      | Found Goikaa's Antique Armour Emporium.
  3164 | D:4      | Reached skill level 6 in Axes
  3222 | D:4      | Reached XP level 7. HP: 61/61 MP: 6/6
  3226 | D:4      | Found a runed translucent door.
  3230 | D:4      | Noticed Taurus's ghost (weakling MiFi)
  3326 | D:4      | Found a hazy altar of Hepliaklqana.
  3787 | D:5      | Entered Level 5 of the Dungeon
  3907 | D:5      | Identified the +2 helmet of Gunecwex {rF++ rC- Regen+
                  | Stlth+}
  4155 | D:5      | Noticed Pikel
  4169 | D:5      | Killed Pikel
  4170 | D:5      | Reached skill level 8 in Axes
  4170 | D:5      | Reached XP level 8. HP: 48/71 MP: 7/7
  4570 | D:5      | Reached skill level 9 in Axes
  4908 | D:6      | Found a staircase to the Ecumenical Temple.
  4910 | D:6      | Found an opulent altar of Gozag.
  4926 | D:6      | Reached XP level 9. HP: 79/79 MP: 8/8
  4978 | D:6      | Found a glowing drain.
  4996 | Sewer    | Entered a sewer
  5562 | D:6      | Reached skill level 10 in Axes
  6205 | D:7      | Noticed Menkaure
  6217 | D:7      | Killed Menkaure
  6218 | D:7      | Reached skill level 11 in Axes
  6441 | D:7      | Found a stormy altar of Qazlal.
  6476 | D:7      | Found Peprawo's Magic Scroll Shop.
  6477 | D:7      | Found Wuunam's Antique Armour Shop.
  6477 | D:7      | Found Etha's General Store.
  6484 | D:7      | Found Tibbia's Antique Armour Shop.
  7224 | D:8      | Reached XP level 10. HP: 74/90 MP: 9/9
  7488 | D:8      | Found a broken altar of Ashenzari.
  7633 | D:8      | Found a flagged portal.
  7651 | Bailey   | Entered a bailey
  7720 | Bailey   | Noticed an orc knight
  7832 | Bailey   | Reached skill level 1 in Throwing
  7989 | Bailey   | Killed an orc knight
  7990 | Bailey   | Reached skill level 12 in Axes
  8775 | D:8      | Found a glowing silver altar of Zin.
  8776 | D:8      | Found an iron altar of Okawaru.
  8979 | D:8      | Became a worshipper of Warmaster Okawaru
  9333 | D:9      | Found Jaiqir's Serpentskin Sales.
  9483 | D:9      | Noticed Maurice
  9508 | D:9      | Killed Maurice
  9508 | D:9      | Reached * piety under Okawaru
  9749 | D:9      | Found an ancient bone altar of Kikubaaqudgha.
 10101 | D:9      | Found an ornate altar of the Wu Jian Council.
 10133 | D:10     | Entered Level 10 of the Dungeon
 10202 | D:10     | Reached ** piety under Okawaru
 10203 | D:10     | Reached XP level 11. HP: 71/99 MP: 10/10
 10361 | D:10     | Noticed a death yak
 10376 | D:10     | Killed a death yak
 10377 | D:10     | Reached skill level 13 in Axes
 10470 | D:10     | Found a staircase to the Lair.
 10471 | D:10     | Noticed a death yak
 10473 | D:10     | Noticed a death yak
 10498 | D:10     | Killed a death yak
 10499 | D:10     | Reached skill level 10 in Fighting
 10510 | D:10     | Killed a death yak
 10510 | D:10     | Reached *** piety under Okawaru
 10511 | D:10     | Reached skill level 10 in Armour
 10511 | D:10     | Reached skill level 10 in Shields
 10692 | D:10     | Found a staircase to the Orcish Mines.
 10998 | D:10     | Noticed a centaur warrior
 11015 | D:10     | Killed a centaur warrior
 11015 | D:10     | Reached **** piety under Okawaru
 11465 | D:10     | Noticed Joseph
 11476 | D:10     | Killed Joseph
 11476 | D:10     | Received a gift from Okawaru
 11603 | D:10     | Reached skill level 14 in Axes
 11875 | D:10     | Found a shimmering blue altar of Sif Muna.
 11892 | D:10     | Got Sif Muna's Quarto of the Salvo
 12143 | Lair:1   | Entered Level 1 of the Lair of Beasts
 12302 | Lair:1   | Reached skill level 5 in Throwing
 12307 | Lair:1   | Reached XP level 12. HP: 101/108 MP: 11/11
 12316 | Lair:1   | Reached ***** piety under Okawaru
 12638 | Lair:1   | Received a gift from Okawaru
 12740 | Lair:1   | Reached skill level 15 in Axes
 12976 | Lair:1   | Received a gift from Okawaru
 13653 | Lair:2   | Reached skill level 1 in Dodging
 14174 | Lair:2   | Found a staircase to the Swamp.
 14629 | D:7      | Bought 2 potions of curing for 84 gold pieces
 14632 | D:7      | Bought a scroll of fog for 60 gold pieces
 14632 | D:7      | Bought a scroll of vulnerability for 60 gold pieces
 14632 | D:7      | Bought a scroll of identify for 30 gold pieces
 14632 | D:7      | Bought a scroll of identify for 30 gold pieces
 14632 | D:7      | Bought a scroll of identify for 30 gold pieces
 15120 | Lair:3   | Noticed a seven-headed hydra
 15131 | Lair:3   | Killed a seven-headed hydra
 15356 | Lair:3   | Found a runed translucent door.
 15356 | Lair:3   | Noticed Ruicvywi's ghost (journeyman OgTm)
 15363 | Lair:3   | Found a staircase to the Snake Pit.
 15373 | Lair:3   | Reached XP level 13. HP: 104/118 MP: 10/12
 15609 | Lair:3   | Received a gift from Okawaru
 15609 | Lair:3   | Found the +16 obsidian axe {drain, demonic, Mesm Drain Fly
                  | SInv}
 16863 | Lair:4   | You are sucked into a shaft and drop 1 floor!
 16863 | Lair:5   | Entered Level 5 of the Lair of Beasts
 16938 | Lair:5   | Found a white marble altar of Elyvilon.
 17050 | Lair:4   | Reached ****** piety under Okawaru
 17050 | Lair:4   | Identified the +2 pair of gloves "Caetoa Tise" {rElec rC+
                  | MP+9 Slay-5} (Okawaru gifted it to you on level 4 of the
                  | Lair of Beasts)
 17050 | Lair:4   | Received a gift from Okawaru
 17150 | Lair:4   | Found a runed translucent door.
 17190 | Lair:4   | Reached skill level 16 in Axes
 17503 | Lair:4   | Reached skill level 5 in Dodging
 17650 | Lair:4   | Got the Treatise on Prime Translocation
 17651 | Lair:4   | Identified the staff of poison "Roefip" {rPois rF+ rC+
                  | Str+4 Stlth+}
 17743 | Lair:4   | Found a staircase to the Slime Pits.
 17743 | Lair:4   | Found a viscous altar of Jiyva.
 18390 | Swamp:1  | Entered Level 1 of the Swamp
 18390 | Swamp:1  | Noticed an eleionoma
 18396 | Swamp:1  | Killed an eleionoma
 18530 | Swamp:1  | Noticed an eleionoma
 18551 | Swamp:1  | Killed an eleionoma
 18875 | Swamp:1  | Noticed Donald
 18885 | Swamp:1  | HP: 9/183 [Donald/+5 double sword of electrocution (15)]
 18887 | Swamp:1  | Annihilated by Donald

Illustrated notes

Levels and vault maps discovered:
D:1:      psy_arrival_dodecagon, layout_basic
D:2:      layout_basic, chequers_ecumenical_altar_simple_redux, uniq_robin,
          uniq_sigmund, uniq_crazy_yiuf_cottage
D:3:      kb_forest_paths, layout_loops_corners,
          nicolae_yredelemnul_corpse_copse, serial_shops,
          nicolae_shop_back_alley_shop, hangedman_decor_growths,
          grunt_decor_clamped
D:4:      layout_basic, nzn_hepliaklqana_mist_gate, ebering_ghost_inner_flame,
          serial_corexii_hall, corexii_hall_statues_l,
          chequers_hall_statues_wall_a, corexii_hall_statues_deadend
D:5:      minmay_octagon_keep, layout_basic, minmay_misc_feat_enclosed,
          solitary_fountain, uniq_pikel
D:6:      layout_basic, grunt_gozag_statues, minmay_temple_entry_purple_smoke,
          cheibrodos_sewer_entry_drain
D:7:      layout_gridville, mainiacjoe_overflow_concentric_impassable,
          serial_park_tiny_2, glass_columns_b, palyth_stone_intersect,
          minmay_shop_grid_forest, hangedman_abyss_or_decor_jellyfish_corner,
          minmay_misc_feat_room, uniq_menkaure
D:8:      layout_basic, nicolae_overflow_squiral, evilmike_ruin_ashenzari,
          enter_bailey_8, kennysheep_generic_room_9
D:9:      layout_loops_corners, pdpol_wu_jian_five_deadly_venoms,
          marbit_many_paths, guppyfry_shop_venom, uniq_maurice
D:10:     layout_stronghold, led_sif_book, dpeg_lair_monsters, david_orc_5,
          minmay_joined_circles, uniq_joseph
Lair:1:   layout_loops_ring, nicolae_lair_run_with_the_wolves
Lair:2:   layout_chaotic_city, nicolae_swamp_entry_splash_gauntlet,
          minmay_stone_trees_small, columned_hall_lemuel
Lair:3:   layout_gridlike, guppyfry_snake_entry_island,
          ebering_ghost_reflecting_pool, serial_bayou_shore_a
Lair:4:   gammafunk_mikee_crab_dinner, layout_big_grid,
          nicolae_slime_entry_field_trip
Lair:5:   cheibrodos_lair_end_hotspot, layout_cave_pods, basic_altar,
          disabler_island
Swamp:1:  nicolae_swamp_secret_spriggan_hideout, layout_basic_swamp,
          evilmike_swamp_ruin_rubble_2, swamp_pool1,
          nicolae_swamp_feature_on_the_river_bank, uniq_kirke, uniq_donald

Skill      XL: |  1  2  3  4  5  6  7  8  9 10 11 12 13 |
---------------+----------------------------------------+-----
Axes           | 3 4 5 6 8 9 11 12 14 15 16 | 16.3
Fighting       | 4 5 6 7 8 9 10 12 13 | 13.0
Armour         | 4 5 6 7 8 9 10 11 12 | 12.9
Shields        | 4 5 6 7 8 9 10 12 13 | 13.0
Throwing       | 3 5 6 8 |  8.0
Dodging        | 3 5 |  5.6

Action                     |  1- 3 |  4- 6 |  7- 9 | 10-12 | 13-15 || total
---------------------------+-------+-------+-------+-------+-------++-------
  Melee: War axe           |    44 |   108 |       |       |       ||   152
         Headbutt          |     4 |    14 |    24 |   130 |    43 ||   215
         Hand axe          |       |    39 |   191 |   615 |    15 ||   860
         Broad axe         |       |       |       |       |   186 ||   186
  Throw: Dart              |       |       |     2 |       |     1 ||     3
         Javelin           |       |       |       |    28 |    10 ||    38
         Throwing net      |       |       |       |     1 |     1 ||     2
 Invoke: Heroism           |       |       |       |       |     1 ||     1
    Use: Potion            |       |       |     2 |     1 |     4 ||     7
         Scroll            |       |       |     7 |     8 |     1 ||    16
   Stab: Paralysed         |       |       |       |       |     2 ||     2
 Armour: Scale mail        |    18 |    23 |       |       |       ||    41
         Chain mail        |       |    37 |    74 |    31 |       ||   142
         Plate armour      |       |       |       |   199 |    84 ||   283
  Dodge: Dodged            |    24 |    46 |    47 |   131 |   122 ||   370
  Block: Buckler           |     7 |     9 |       |       |       ||    16
         Kite shield       |       |    35 |    86 |   226 |   131 ||   478
